 Dungeon Crawl Stone Soup version 0.30-a0-782-ge64f9170bb (webtiles) character file.

Game seed: 8924144465703244930

30 mopl the Caller (level 3, -4/24 HPs)
             Began as a Merfolk Summoner on Mar 6, 2023.
             Killed from afar by Natasha (7 damage)
             ... with a magic dart
             ... on level 2 of the Dungeon.
             The game lasted 00:01:18 (1073 turns).

mopl the Caller (Merfolk Summoner)                  Turns: 1073, Time: 00:01:18

Health: -4/24      AC:  2    Str: 10    XL:     3   Next: 18%
Magic:  7/7        EV: 12    Int: 14    God:
Gold:   87         SH:  0    Dex: 14    Spells: 4/7 levels left

rFire   . . .      SeeInvis .    g - +0 dagger (venom)
rCold   . . .      Faith    .    (no shield)
rNeg    . . .      Spirit   .    a - +0 robe
rPois   .          Reflect  .    (no helmet)
rElec   .          Harm     .    (no cloak)
rCorr   .          Rampage  .    (no gloves)
Will    +....                    (no boots)
Stlth   ++                       (no amulet)
HPRegen 0.24/turn                d - ring of willpower
MPRegen 0.10/turn                (no ring)

@: no status effects
A: (nimble swimmer 2), mertail
a: no special abilities


You were on level 2 of the Dungeon.
You visited 1 branch of the dungeon, and saw 2 of its levels.

You collected 87 gold pieces.

Inventory:

Hand Weapons
 e - a +0 dagger
 g - a +0 dagger of venom (weapon)
Armour
 a - a +0 robe (worn)
Magical Staves
 h - a staff of fire
Jewellery
 d - a ring of willpower (left hand)
Scrolls
 c - 3 scrolls of teleportation {unknown}
 i - a scroll of fear {unknown}
 j - a scroll of magic mapping {unknown}
 k - 2 scrolls of blinking {unknown}
Potions
 b - a potion of magic
 f - a potion of curing {unknown}
 l - a potion of cancellation {unknown}


   Skills:
 - Level 2.6 Dodging
 - Level 2.1 Stealth
 + Level 2.7 Spellcasting
 + Level 4.5 Summonings


You had 4 spell levels left.
You knew the following spells:

 Your Spells              Type           Power      Damage    Failure   Level
a - Summon Small Mammal   Summ           56%        N/A       3%          1
b - Call Imp              Summ           14%        N/A       5%          2

Your spell library contained the following spells:

 Spells                   Type           Power      Damage    Failure   Level
 Call Canine Familiar     Summ           14%        N/A       11%         3
 Summon Guardian Golem    Hex/Summ       8%         N/A       26%         3
 Summon Lightning Spire   Summ/Air       8%         N/A       65%         4
 Blade Hands              Tmut           0%         N/A       99%         5
 Irradiate                Conj/Tmut      0%         3d11      99%         5
 Dragon Form              Tmut           0%         N/A       100%        7


Dungeon Overview and Level Annotations

Branches:
Dungeon (2/15)

Altars:

Annotations:
D:2 Natasha


Innate Abilities, Weirdness & Mutations

((You are very nimble when in or above water. (Stealth+, EV+, Speed+++)))
Your lower body shifts to a powerful aquatic tail in water.


Message History

A ball python comes into view.
A ball python is nearby!
An endoplasm comes into view.
A kobold comes into view. It is wielding a +0 whip.
Found a ring mail.
The helpless ball python fails to defend itself.
You hit the ball python.
You kill the ball python!
Natasha, Servant of Life and Death comes into view.
Natasha mumbles some strange words.
Natasha mumbles some strange words.
The white imp lashes its tail.
Natasha wildly gestures.
You feel troubled.
The helpless endoplasm fails to defend itself.
You puncture the endoplasm!
You kill the endoplasm!
Natasha misses you.
There are monsters nearby!
You closely miss Natasha. Natasha claws you. The white imp hits you.
The white imp freezes you.
You barely miss Natasha.
Natasha stares at you and mumbles some strange words.
You resist with almost no effort. The white imp hits you.
The white imp freezes you.
You hit Natasha but do no damage.
Natasha is poisoned.
You punch Natasha.
Natasha is lightly wounded.
Natasha closely misses you. The white imp hits you.
* * * LOW HITPOINT WARNING * * *
The white imp freezes you.
* * * LOW HITPOINT WARNING * * *
The kobold hits you with a +0 whip.
* * * LOW HITPOINT WARNING * * *
You closely miss Natasha.
Natasha is moderately wounded.
The iron imp hits you.
* * * LOW HITPOINT WARNING * * *
Natasha stares at you and mumbles some strange words.
The magic dart hits you!
You die...

######### .#.......#
.#.......# ##########
.#.......#####........#
>....... ...#........#
.##.#..#####.#...5....##
...............K@h......
....#.######.#...5....##
.............#........#
..#.#........#........#
.##.#.......K#....[...#
.##.#........#........#
....########..........#
....#### ...#########
.......#


You could see an iron imp (summoned), Natasha (very poisoned), a white imp
(summoned) and a kobold.

Vanquished Creatures
  A worm (D:2)
  4 ball pythons
  A bat (D:1)
  5 endoplasms
  A giant cockroach (D:2)
  A hobgoblin (D:2)
  A frilled lizard (D:1)
  4 goblins (D:1)
  2 rats (D:1)
20 creatures vanquished.

Vanquished Creatures (collateral kills)
  A goblin (D:1)
  2 bats (D:1)
3 creatures vanquished.

Grand Total: 23 creatures vanquished

Notes
Turn   | Place    | Note
-------+----------+-------------------------------------------
     0 | D:1      | mopl the Merfolk Summoner began the quest for the Orb.
     0 | D:1      | Reached XP level 1. HP: 13/13 MP: 3/3
   238 | D:1      | Reached XP level 2. HP: 8/19 MP: 3/5
   842 | D:1      | Learned a level 2 spell: Call Imp
   929 | D:2      | Reached XP level 3. HP: 11/24 MP: 7/7
  1065 | D:2      | Noticed Natasha
  1073 | D:2      | Killed from afar by Natasha

Illustrated notes

Levels and vault maps discovered:
D:1:      lemuel_arrival_lava_pool, layout_basic, nicolae_figureground_sparkle
D:2:      layout_basic, minmay_quadrilaterals, uniq_natasha, uniq_robin

Action                     || total
---------------------------++-------
  Melee: Unarmed           ||    16
         Dagger            ||    54
         Punch             ||     2
   Cast: Summon Small Mamm ||     7
   Stab: Sleeping          ||     4
 Armour: Robe              ||    21
  Dodge: Dodged            ||    49

Table legend: (Time is in decaauts)
 A = Elapsed time spent in this place.
 B = Non-inter-level travel time spent in this place.
 C = Inter-level travel time spent in this place.
 D = Time resting spent in this place.
 E = Time spent auto-exploring this place.
 F = Levels seen in this place.
 G = Mean time per level.
                   A        B        C        D        E       F      G
               +--------+--------+--------+--------+--------+-----+--------+
         Total |   1071 |   1060 |     11 |    166 |    698 |   2 |  535.5 |
       Dungeon |   1071 |   1060 |     11 |    166 |    698 |   2 |  535.5 |
               +--------+--------+--------+--------+--------+-----+--------+

Top non-repeatable levels by time:
     D:1: 851 daAuts
     D:2: 219 daAuts
